 Dungeon Crawl Stone Soup version 0.32-a0-613-g40f424ee2b (webtiles) character file.

Game seed: 10218124792865359652

21399 Zigma the Jinx (level 12, -11/92 HPs)
             Began as a Yellow Draconian Summoner on Mar 5, 2024.
             Was a Priest of Yredelemnul.
             Mangled by a +9 long sword (16 damage)
             ... on level 13 of the Dungeon.
             The game lasted 00:30:03 (12815 turns).

Zigma the Jinx (Yellow Draconian Summoner)         Turns: 12815, Time: 00:30:03

Health: -11/92     AC: 11    Str: 17    XL:     12   Next: 53%
Magic:  0/30       EV: 13    Int: 16    God:    Yredelemnul [***...]
Gold:   604        SH:  4    Dex: 12    Spells: 8/24 levels left

rFire   . .          .
                       - Unarmed
rCold   + . .        H - +1 buckler {reflect}
rNeg    . . .        (body armour unavailable)
rPois   .            (helmet restricted)
rElec   .            E - +2 cloak {rCorr}
rCorr   +            (no gloves)
SInv    .            (no boots)
Will    .....        g - amulet of guardian spirit
Stlth   ++++         D - ring "Zoticue" {rC+ MP+9 Str+6 Dex-2}
HPRegen 0.35/turn    (no ring)
MPRegen 0.22/turn

%: reflection, guardian spirit
@: about to teleport, wreathed by umbra
A: caustic breath, AC +8, unfitting armour, cold-blooded, acid resistance,
clumsy 1, passive freeze
a: Caustic Breath, Renounce Religion, Light the Black Torch, Recall Undead
Harvest, Hurl Torchlight


You were on level 13 of the Dungeon.
You worshipped Yredelemnul.
Yredelemnul was noncommittal.
You visited 2 branches of the dungeon, and saw 13 of its levels.
You also visited: Gauntlet.

You collected 604 gold pieces.

Inventory:

Missiles
 r - a throwing net
Armour
 l - a scarf of invisibility
 y - the +0 cloak of Untold Secrets {Fly rCorr}
   (You found it on level 11 of the Dungeon)

   Fly:       It grants you flight.
   rCorr:     It protects you from acid and corrosion.
 C - a scarf of harm
 E - a +2 cloak of preservation (worn)
 H - a +1 buckler of reflection (worn)
Jewellery
 g - an amulet of guardian spirit (around neck)
 D - the ring "Zoticue" (left hand) {rC+ MP+9 Str+6 Dex-2}
   (You found it in a Gauntlet)

   [ring of magical power]

   Str+6:     It affects your strength (+6).
   Dex-2:     It affects your dexterity (-2).
   rC+:       It protects you from cold.
   MP+9:      It affects your magic capacity (+9).
Wands
 f - a wand of warping (4)
 p - a wand of polymorph (3)
 u - a wand of mindburst (4)
 A - a wand of paralysis (8)
Scrolls
 b - 3 scrolls of enchant weapon
 c - 3 scrolls of noise {unknown}
 d - a scroll of amnesia {unknown}
 e - a scroll of poison {unknown}
 h - 3 scrolls of fog
 i - 2 scrolls of immolation {unknown}
 j - 2 scrolls of enchant armour {unknown}
 k - 4 scrolls of fear
 q - 3 scrolls of teleportation
 w - a scroll of revelation
 x - a scroll of vulnerability {unknown}
 I - 3 scrolls of identify
Potions
 a - 2 potions of magic
 m - a potion of lignification {unknown}
 n - a potion of mutation
 o - a potion of resistance
 t - a potion of ambrosia {unknown}
 v - a potion of might {unknown}
 z - 2 potions of enlightenment
 B - a potion of haste {unknown}
 J - a potion of curing {unknown}
Miscellaneous
 F - a lightning rod (3/4)
 G - a tin of tremorstones (1/2)


   Skills:
 + Level 4.7 Fighting
 + Level 6.3 Dodging
 + Level 5.2 Stealth
 + Level 9.1 Unarmed Combat
 + Level 6.6 Spellcasting
 + Level 10.5 Hexes
 * Level 9.6 Summonings
 + Level 4.7 Fire Magic
 + Level 0.6 Invocations
 + Level 0.8 Evocations


You had 8 spell levels left.
You knew the following spells:

 Your Spells              Type           Power      Damage    Failure   Level
a - Summon Small Mammal   Summ           100%       N/A       1%          1
d - Call Canine Familiar  Summ           36%        N/A       1%          3
g - Summon Blazeheart Go  Fire/Summ      28%        N/A       9%          4
j - Jinxbite              Hex            76%        N/A       1%          2
l - Summon Lightning Spi  Summ/Air       20%        N/A       22%         4
s - Call Imp              Summ           72%        N/A       1%          2

Your spell library contained the following spells:

 Spells                   Type           Power      Damage    Failure   Level
 Gell's Gravitas          Tloc           5%         N/A       45%         3
 Yara's Violent Unravell  Hex/Alch       11%        3d6       47%         5
 Manifold Assault         Tloc           5%         N/A       86%         4
 Passage of Golubria      Tloc           5%         N/A       86%         4
 Enfeeble                 Hex            19%        N/A       88%         7
 Borgnjor's Vile Clutch   Necr/Erth      2%         N/A       99%         5
 Dispersal                Tloc           2%         N/A       100%        6
 Disjunction              Tloc           2%         N/A       100%        8
 Animate Dead             Necr           Unusable   N/A       N/A         4
 Death Channel            Necr           Unusable   N/A       N/A         6

Dungeon Overview and Level Annotations

Branches:
Dungeon (13/15)            Temple (1/1) D:5            Lair (0/5) D:8
    Orc (0/2) D:10         Vaults (0/5) D:13        Gauntlet (visited)

Altars:
Ashenzari
Dithmenos
Elyvilon
Fedhas
Hepliaklqana
Kikubaaqudgha
Makhleb
Nemelex Xobeh
Qazlal
Sif Muna
Trog
Vehumet
Wu Jian
Xom
Yredelemnul
Zin

Shops:
D:13 **


Innate Abilities, Weirdness & Mutations

You can breathe corrosive fumes.
Your golden yellow scales are hard. (AC +8)
You cannot fit into any form of body armour.
You are cold-blooded and may be slowed by cold attacks.
You are resistant to acid. (rCorr)
You are clumsy. (Dex -2)
A frigid envelope surrounds you and freezes all who hurt you.


Message History

You feel much better. The +6 long sword barely misses you.
Your freezing wraith barely misses the +6 long sword.
Your freezing wraith closely misses the +6 long sword.
The +9 long sword hits you!!
* * * LOW MAGIC WARNING * * *;
* * * LOW HITPOINT WARNING * * *
The +9 long sword resists.
The +9 long sword is very cold.
The +9 long sword is lightly damaged.
The +6 long sword hits you!
* * * LOW MAGIC WARNING * * *;
* * * LOW HITPOINT WARNING * * *
The +6 long sword resists.
The +6 long sword is very cold.
The +6 long sword is lightly damaged.
The +9 long sword attacks as it pursues you!
The +9 long sword hits you!!
* * * LOW MAGIC WARNING * * *;
* * * LOW HITPOINT WARNING * * *
The +9 long sword resists.
The +9 long sword is very cold.
The +9 long sword is lightly damaged.
The +6 long sword hits you.
* * * LOW MAGIC WARNING * * *;
* * * LOW HITPOINT WARNING * * *
The +6 long sword completely resists.
Your freezing wraith misses the +6 long sword.
Your freezing wraith hits the +6 long sword!
The +9 long sword hits you!
* * * LOW MAGIC WARNING * * *;
* * * LOW HITPOINT WARNING * * *
The +9 long sword resists.
The +9 long sword is very cold.
The +9 long sword is lightly damaged.
As you read the scroll of teleportation, it crumbles to dust.
You feel strangely unstable. The +6 long sword hits you!!
* * * LOW MAGIC WARNING * * *;
* * * LOW HITPOINT WARNING * * *
The +6 long sword completely resists.
The +9 long sword barely misses you.
Your freezing wraith hits the +6 long sword!
Your freezing wraith freezes the +6 long sword.
The +6 long sword resists.
Your freezing wraith hits the +6 long sword but does no damage.
The +6 long sword hits your freezing wraith!
Okay, then.
The +9 long sword attacks as it pursues you!
The +9 long sword hits you!!
* * * LOW MAGIC WARNING * * *
You die...
Your body rises from the dead as a mindless zombie.

..##########..#.#.###..#......
...........#.#.#....#####)#
...........#.#.#..........#
...#=#.....#.....#.........
...#####.[..###.#.##.######.
.....∩......# #.#. #.# #.
...#####.(..# #.# #+# #.
#:#.W...###.# #. ......Z.(@..#
#. ..........#...# #.
..##...##.#...# #. . ##.###.#
#.# #. ... ..# .# ##.######.
#### #.. # .......... ##.
##.######. . ........ .######.


You could see 2 dancing weapons, a friendly freezing wraith (summoned) and a
friendly boulder beetle zombie.

Vanquished Creatures
  Rupert (D:12)
  A dire elephant (Gauntlet)
  A minotaur (Gauntlet)
  Azrael (D:12)
  A boulder beetle (D:12)
  3 two-headed ogres
  Maurice (D:11)
  An ugly thing (D:12)
  A cyclops (D:11)
  A manticore (D:12)
  An elephant (Gauntlet)
  A moth of wrath (Gauntlet)
  2 gargoyles
  A komodo dragon (D:11)
  A kobold demonologist (D:10)
  3 unseen horrors
  A queen bee (Gauntlet)
  3 trolls
  A shadow (D:11)
  2 wraiths
  8 yaks
  A wyvern (D:9)
  4 fire elementals (D:12)
  4 vampire mosquitoes (D:10)
  An acid dragon (D:11)
  A steam dragon (D:8)
  4 hell hounds (D:12)
  4 orc warriors
  An elephant zombie (Gauntlet)
  A black bear (D:4)
  3 wolves (Gauntlet)
  3 kobold brigands
  A gnoll sergeant (D:8)
  2 bullfrogs (D:9)
  3 scorpions (D:4)
  A hell hound zombie (D:12)
  A troll zombie (D:11)
  8 killer bees
  A yak zombie (D:8)
  4 howler monkeys
  A wolf zombie (Gauntlet)
  An electric eel (D:11)
  3 hounds
  2 bombardier beetles (D:5)
  A gnoll bouda (D:4)
  4 orc priests
  2 iguanas
  Ijyb (D:3)
  4 orc wizards
  2 killer bee zombies (Gauntlet)
  A howler monkey zombie (D:8)
  9 gnolls
  10 adders
  A shadow imp (D:5)
  4 ufetubi (D:5)
  A dart slug (D:4)
  5 ribbon worms
  20 orcs
  2 giant cockroaches
  7 goblins
  8 hobgoblins
  16 kobolds
  A quokka (D:1)
  4 ball pythons
  4 bats
  A frilled lizard (D:1)
  5 rats
204 creatures vanquished.

Vanquished Creatures (collateral kills)
  Frances (D:12)
  A boulder beetle (D:13)
  Sonja (D:12)
  A shadow (D:10)
  6 yaks
  An orc warrior (D:10)
  A black bear (D:4)
  3 wolves (Gauntlet)
  2 kobold brigands (D:10)
  A scorpion (D:4)
  3 killer bees (Gauntlet)
  A howler monkey (D:8)
  A hound (D:4)
  Jessica (D:2)
  3 orc wizards
  Robin (D:4)
  4 adders
  A white imp (D:5)
  A ribbon worm (D:2)
  9 orcs
  2 ball pythons
  A bat (D:2)
  3 endoplasms
  3 goblins
  2 hobgoblins (D:4)
  A quokka (D:1)
  5 kobolds
  3 rats
63 creatures vanquished.

Vanquished Creatures (others)
  The ghost of anansati the Destroyer, a novice DsAE (D:8)
  A spectral efreet (D:12)
  A moth of wrath zombie (Gauntlet)
  A cyclops zombie (D:11)
  A hell hound zombie (D:12)
  A yak zombie (D:12)
  3 wolf zombies (Gauntlet)
  2 howler monkey zombies (D:8)
  A steam dragon zombie (D:8)
  A kobold zombie (D:5)
  8 orc zombies
  A spectral ufetubus (D:5)
  2 blazeheart cores
24 creatures vanquished.

Grand Total: 291 creatures vanquished

Notes
Turn   | Place    | Note
-------+----------+-------------------------------------------
     0 | D:1      | Zigma the Draconian Summoner began the quest for the Orb.
     0 | D:1      | Reached XP level 1. HP: 14/14 MP: 3/3
   318 | D:1      | Reached XP level 2. HP: 5/20 MP: 1/5
   320 | D:1      | HP: 1/20 [kobold/+0 club (3)]
   521 | D:1      | Learned a level 2 spell: Call Imp
   986 | D:2      | Reached XP level 3. HP: 15/26 MP: 3/6
  1199 | D:2      | Noticed Jessica
  1233 | D:2      | Killed Jessica
  1234 | D:2      | Reached skill level 1 in Unarmed Combat
  1234 | D:2      | Reached XP level 4. HP: 10/34 MP: 1/7
  2202 | D:2      | Learned a level 3 spell: Call Canine Familiar
  2244 | D:3      | Reached skill level 5 in Summonings
  2250 | D:3      | Reached XP level 5. HP: 30/39 MP: 3/9
  2566 | D:3      | Noticed Ijyb
  2568 | D:3      | Gained mutation: A frigid envelope surrounds you and
                  | freezes all who hurt you. [potion of mutation]
  2568 | D:3      | Gained mutation: You are clumsy. (Dex -2) [potion of
                  | mutation]
  2590 | D:3      | Killed Ijyb
  3169 | D:4      | Noticed Robin
  3184 | D:4      | Reached skill level 1 in Fighting
  3184 | D:4      | Reached XP level 6. HP: 33/47 MP: 3/10
  3191 | D:4      | Killed Robin
  3536 | D:4      | Your scales start taking on a golden yellow colour.
  3536 | D:4      | Reached XP level 7. HP: 33/52 MP: 4/12
  3536 | D:4      | Gained mutation: You are resistant to acid. (rCorr) [Yellow
                  | Draconian growth]
  3838 | D:4      | Found a shadowy altar of Dithmenos.
  4482 | D:4      | Found a bloodstained altar of Trog.
  4492 | D:4      | Learned a level 4 spell: Summon Blazeheart Golem
  4540 | D:5      | Entered Level 5 of the Dungeon
  4548 | D:5      | Reached skill level 1 in Fire Magic
  4634 | D:5      | Found a staircase to the Ecumenical Temple.
  4649 | Temple   | Entered the Ecumenical Temple
  4666 | Temple   | Became a worshipper of Yredelemnul the Fallen
  4801 | D:5      | Reached XP level 8. HP: 59/61 MP: 13/13
  5149 | D:6      | You fall into a shaft and drop 2 floors!
  5382 | D:8      | Found a shimmering blue altar of Sif Muna.
  5404 | D:8      | Reached skill level 5 in Unarmed Combat
  5404 | D:8      | Reached XP level 9. HP: 68/68 MP: 15/15
  5564 | D:8      | Reached * piety under Yredelemnul
  5622 | D:8      | Found a broken altar of Ashenzari.
  5741 | D:8      | Found a staircase to the Lair.
  5830 | D:8      | HP: 3/102 [yak (5)]
  5837 | D:8      | HP: 3/105 [yak (2)]
  6558 | D:8      | Found a runed translucent door.
  6562 | D:8      | Noticed anansati's ghost (novice DsAE)
  6844 | D:8      | Killed anansati's ghost
  6845 | D:8      | Reached skill level 5 in Spellcasting
  6950 | D:8      | Learned a level 4 spell: Summon Lightning Spire
  6981 | D:9      | Noticed a two-headed ogre
  6989 | D:9      | Killed a two-headed ogre
  6990 | D:9      | Reached skill level 5 in Dodging
  6990 | D:9      | Reached XP level 10. HP: 78/78 MP: 13/17
  7973 | D:10     | Entered Level 10 of the Dungeon
  8069 | D:10     | Reached ** piety under Yredelemnul
  8304 | D:10     | Found a staircase to the Orcish Mines.
  8819 | D:10     | Noticed a gargoyle
  8837 | D:10     | Reached skill level 5 in Stealth
  8843 | D:10     | Killed a gargoyle
  9260 | D:11     | Noticed a cyclops
  9270 | D:11     | Killed a cyclops
  9316 | D:11     | Reached XP level 11. HP: 71/85 MP: 15/20
  9487 | D:11     | Found a radiant altar of Vehumet.
  9497 | D:11     | Noticed a two-headed ogre
  9513 | D:11     | Killed a two-headed ogre
  9521 | D:11     | Identified the +0 cloak of Untold Secrets {Fly rCorr}
  9886 | D:11     | Noticed Maurice
  9892 | D:11     | Something stole 2 throwing nets
  9894 | D:11     | Something stole 411 gold
  9908 | D:11     | Killed Maurice
 10051 | D:11     | Learned a level 2 spell: Jinxbite
 10054 | D:12     | Noticed Azrael
 10074 | D:12     | Noticed Frances
 10138 | D:12     | Found a gate leading to a gauntlet.
 10146 | D:12     | Reached skill level 1 in Hexes
 10153 | Gauntlet | Entered a Gauntlet
 10153 | Gauntlet | Found a transporter.
 10199 | Gauntlet | Found a transporter.
 10223 | Gauntlet | Found a transporter.
 10225 | Gauntlet | Found a transporter.
 10225 | Gauntlet | Found a transporter.
 10239 | Gauntlet | Found a transporter.
 10250 | Gauntlet | Found a transporter.
 10254 | Gauntlet | Noticed an arcanist
 10254 | Gauntlet | Noticed an arcanist
 10255 | Gauntlet | Found a transporter.
 10255 | Gauntlet | Noticed a sixfirhy
 10257 | Gauntlet | Noticed a sixfirhy
 10258 | Gauntlet | Noticed a sixfirhy
 10272 | Gauntlet | Found a transporter.
 10290 | Gauntlet | Found a transporter.
 10302 | Gauntlet | Found a transporter.
 10309 | Gauntlet | Noticed a fire crab
 10330 | Gauntlet | Found a transporter.
 10331 | Gauntlet | Noticed a hell beast
 10338 | Gauntlet | Found a transporter.
 10353 | Gauntlet | Noticed a dire elephant
 10355 | Gauntlet | Found a transporter.
 10362 | Gauntlet | Found a transporter.
 10377 | Gauntlet | Found a large runed translucent door.
 10378 | Gauntlet | Found a large runed translucent door.
 10379 | Gauntlet | Found a large runed translucent door.
 10379 | Gauntlet | Found a large runed translucent door.
 10380 | Gauntlet | Found a runed translucent gate.
 10381 | Gauntlet | Found a transporter.
 10381 | Gauntlet | Found a runed translucent gate.
 10382 | Gauntlet | Found a runed translucent gate.
 10382 | Gauntlet | Found a large runed translucent door.
 10382 | Gauntlet | Found a large runed translucent door.
 10382 | Gauntlet | Found a runed translucent door.
 10382 | Gauntlet | Found a runed translucent door.
 10382 | Gauntlet | Noticed a wretched star
 10383 | Gauntlet | Found a large runed translucent door.
 10384 | Gauntlet | Found a large runed translucent door.
 10386 | Gauntlet | Found a transporter.
 10399 | Gauntlet | Found a large runed translucent door.
 10399 | Gauntlet | Found a large runed translucent door.
 10400 | Gauntlet | Found a large runed translucent door.
 10401 | Gauntlet | Found a large runed translucent door.
 10410 | Gauntlet | Found a large runed translucent door.
 10410 | Gauntlet | Found a large runed translucent door.
 10411 | Gauntlet | Found a large runed translucent door.
 10412 | Gauntlet | Found a large runed translucent door.
 10433 | Gauntlet | Found a transporter.
 10490 | Gauntlet | Reached skill level 2 in Hexes
 10502 | Gauntlet | Reached skill level 3 in Hexes
 10701 | Gauntlet | Reached skill level 4 in Hexes
 10708 | Gauntlet | HP: 4/85 [poisoned by a killer bee]
 11007 | Gauntlet | Killed a dire elephant
 11007 | Gauntlet | Reached *** piety under Yredelemnul
 11008 | Gauntlet | Reached skill level 5 in Hexes
 11013 | Gauntlet | Identified the ring "Zoticue" {rC+ MP+9 Str+6 Dex-2}
 11072 | Gauntlet | Identified the +4 war axe of Valour {antimagic, Will+ Str+2
                  | Dex-3 Stlth+}
 11072 | Gauntlet | Noticed a minotaur
 11083 | Gauntlet | Killed a minotaur
 11084 | Gauntlet | Reached skill level 6 in Hexes
 11110 | Gauntlet | Got Otijuf's Octavo of Peregrination
 11299 | D:12     | Killed Azrael
 11300 | D:12     | Reached skill level 7 in Hexes
 11321 | D:12     | Reached XP level 12. HP: 47/92 MP: 15/21
 11386 | D:12     | Killed Frances
 11387 | D:12     | Reached skill level 8 in Hexes
 11499 | D:12     | Noticed a two-headed ogre
 11505 | D:12     | Killed a two-headed ogre
 11510 | D:12     | Reached skill level 9 in Hexes
 11511 | D:12     | Noticed Sonja
 11515 | D:12     | Killed Sonja
 11524 | D:12     | Noticed a boulder beetle
 11527 | D:12     | Noticed Rupert
 11544 | D:12     | Your ally Azrael died
 11974 | D:12     | Noticed a centaur warrior
 11974 | D:12     | Noticed a centaur warrior
 11975 | D:12     | Noticed a centaur warrior
 11975 | D:12     | Noticed a five-headed hydra
 11975 | D:12     | Noticed a tengu warrior
 11975 | D:12     | Noticed a boulder beetle
 12021 | D:12     | Killed Rupert
 12022 | D:12     | Reached skill level 10 in Hexes
 12290 | D:12     | Killed a boulder beetle
 12538 | D:13     | Found Wataec's General Store.
 12538 | D:13     | Found Qucohuqo's Assorted Antiques.
 12797 | D:13     | Noticed a boulder beetle
 12799 | D:13     | Found a gate to the Vaults.
 12811 | D:13     | Killed a boulder beetle
 12815 | D:13     | Mangled by a +9 long sword

Illustrated notes

Levels and vault maps discovered:
D:1:      elethiomel_arrival_quiet, layout_basic, wad_floor_pattern_untrapped
D:2:      layout_basic, minmay_misc_feat_tower, minmay_split_cup_large,
          uniq_jessica
D:3:      layout_basic, nicolae_ru_the_path_less_chosen,
          nicolae_elevator_lobby_plus, uniq_ijyb
D:4:      layout_basic, trog_ov_bears_minmay,
          mainiacjoe_overflow_six_doors_small, nicolae_zen_rock_garden,
          uniq_robin
D:5:      layout_rooms, minmay_temple_entry_stoned_glass, grunt_ministairs_9,
          hangedman_decor_slide_cut
D:6:      layout_rooms, nicolae_uskayaw_en_pointe, grunt_ministairs_6,
          chequers_serial_rivers_micro_c, lemuel_flamethrower_2
D:8:      layout_loops_corners, nicolae_ashenzari_panopticon,
          mainiacjoe_overflow_surrounded_room, lair_entry_dummy,
          ebering_ghost_reflecting_pool, hangedman_decor_clover_reticule,
          hangedman_abyss_or_decor_stabs
D:9:      layout_cave_pools, wad_woods_river_04, nicolae_fountain_basement
D:10:     layout_loops_cross, david_orc_2
D:11:     layout_gridville, chequers_big_river, nicolae_vehumet_radiance,
          uniq_maurice
D:12:     layout_basic, gauntlet_entry_generic, minivault_12, uniq_azrael,
          uniq_frances, uniq_rupert, uniq_sonja
D:13:     layout_basic, erik_vaults_1, minmay_shop_grid_forest
Temple:   bh_familiar_temple

Skill      XL: |  1  2  3  4  5  6  7  8  9 10 11 12 |
---------------+-------------------------------------+-----
Stealth        | 2 3 4 5 |  5.2
Dodging        | 2 3 5 6 |  6.3
Unarmed Combat | 1 2 3 5 7 8 9 |  9.1
Summonings     | 5 6 7 8 9 |  9.6
Fighting       | 1 2 4 |  4.7
Spellcasting   | 3 4 5 6 |  6.6
Fire Magic     | 2 4 |  4.7
Hexes          | 7 10 | 10.5
Invocations    | |  0.6
Evocations     | |  0.8

Action                     |  1- 3 |  4- 6 |  7- 9 | 10-12 || total
---------------------------+-------+-------+-------+-------++-------
  Melee: Unarmed           |    99 |   119 |   181 |   242 ||   641
         Tailslap          |    15 |    13 |    26 |    37 ||    91
         Punch             |       |       |     6 |    16 ||    22
   Cast: Summon Small Mamm |    20 |     7 |       |       ||    27
         Call Imp          |     8 |     8 |     7 |    12 ||    35
         Call Canine Famil |       |     7 |     6 |    13 ||    26
         Summon Blazeheart |       |       |     1 |     1 ||     2
 Invoke: Light the Black T |       |       |     3 |     5 ||     8
         Recall Undead Har |       |       |     2 |     3 ||     5
         Hurl Torchlight   |       |       |       |     1 ||     1
Ability: Caustic Breath    |       |       |     8 |    13 ||    21
  Evoke: Wand              |       |       |     4 |     3 ||     7
         Lightning rod     |       |       |       |     5 ||     5
         Tin of tremorston |       |       |       |     2 ||     2
    Use: Scroll            |     1 |     2 |     2 |     6 ||    11
         Potion            |       |     1 |     2 |     4 ||     7
   Stab: Sleeping          |     1 |     6 |     3 |     2 ||    12
         Distracted        |       |     1 |       |     5 ||     6
         Confused          |       |       |       |     1 ||     1
 Armour: Skin              |    77 |    75 |   126 |   223 ||   501
  Dodge: Dodged            |    87 |    81 |   134 |   247 ||   549
  Block: Buckler           |       |       |       |    10 ||    10

Table legend: (Time is in decaauts)
 A = Elapsed time spent in this place.
 B = Non-inter-level travel time spent in this place.
 C = Inter-level travel time spent in this place.
 D = Time resting spent in this place.
 E = Time spent auto-exploring this place.
 F = Levels seen in this place.
 G = Mean time per level.
                   A        B        C        D        E       F      G
               +--------+--------+--------+--------+--------+-----+--------+
         Total |  12814 |  12084 |    730 |      5 |  10274 |  14 |  915.3 |
       Dungeon |  11799 |  11101 |    698 |      1 |   9515 |  12 |  983.2 |
        Temple |     33 |      1 |     32 |      0 |      0 |   1 |   33.0 |
      Gauntlet |    980 |    980 |      0 |      4 |    759 |   1 |  980.0 |
               +--------+--------+--------+--------+--------+-----+--------+

Top non-repeatable levels by time:
     D:8: 2018 daAuts
     D:4: 1538 daAuts
    D:12: 1531 daAuts
     D:2: 1401 daAuts
    D:10: 1203 daAuts
    D:11: 985 daAuts
Gauntlet: 980 daAuts
     D:1: 824 daAuts
     D:9: 816 daAuts
     D:3: 770 daAuts
     D:5: 568 daAuts
    D:13: 137 daAuts
  Temple: 33 daAuts
     D:6: 3 daAuts
